 Dungeon Crawl Stone Soup version 0.23-a0-175-g97aacdb (webtiles) character file.

195588 Amnesiac the Devastator (level 18, -5/118 HPs)
             Began as a Mummy Ice Elementalist on Sept 17, 2018.
             Was an Elder of Vehumet.
             Shot with a bolt by a naga sharpshooter (26 damage)
             ... on level 4 of the Snake Pit.
             The game lasted 01:12:42 (41291 turns).

Amnesiac the Devastator (Mummy Ice Elementalist)   Turns: 41291, Time: 01:12:43

Health: -5/118     AC: 13    Str: 13    XL:     18   Next: 13%
Magic:  42/53      EV: 14    Int: 24    God:    Vehumet [****..]
Gold:   1463       SH:  8    Dex: 17    Spells: 0/50 levels left

rFire    + . .     SeeInvis .   a - staff of power
rCold    + + .     Gourm    .   D - +3 warlock's mirror {reflect}
rNeg     + + +     Faith    .   J - +2 robe {Archmagi}
rPois    ∞         Spirit   .   i - +2 helmet {Int+3}
rElec    .         Reflect  +   o - scarf {rC+ rF+}
rCorr    .         Harm     +   l - +2 pair of gloves
MR       ++...                  n - +2 pair of boots
Stlth    ++++......             N - amulet "Tioxtuh" {Harm *Drain rF+ rC- Dex+5 Stlth+}
HPRegen  0.29/turn              t - ring of ice
MPRegen  0.33/turn              k - ring of protection from fire

@: no potions
A: no food or potions, fire vulnerability, cold resistance 1, negative energy
resistance 3, torment resistance, unbreathing, in touch with death 1
a: Renounce Religion


You were on level 4 of the Snake Pit.
You worshipped Vehumet.
Vehumet was greatly pleased with you.
You were not hungry.

You visited 6 branches of the dungeon, and saw 27 of its levels.
You also visited: Ossuary and Volcano.

You collected 3664 gold pieces.
You spent 2201 gold pieces at shops.

Inventory:

Hand Weapons
 h - the +9 hand axe of Resourcefulness {drain, rF++ Dex+2}
   (You found it on level 4 of the Dungeon)

   A truly terrible weapon, it drains the life of those it strikes.
   It affects your dexterity (+2).
   It greatly protects you from fire.
Armour
 i - a +2 helmet of intelligence (worn)
 l - a +2 pair of gloves (worn)
 n - a +2 pair of boots (worn)
 o - a scarf of resistance (worn)
 D - the +3 warlock's mirror (worn) {reflect}
   (You bought it in a shop on level 2 of the Orcish Mines)
 J - a +2 robe of the Archmagi (worn)
Magical Staves
 a - an uncursed staff of power (weapon)
 b - an uncursed staff of cold
Jewellery
 k - a ring of protection from fire (right hand)
 r - the ring "Renam" {+Fly Slay+3}
   (You took it off a deep elf demonologist on level 3 of the Elven Halls)

   [ring of flight]

   It affects your accuracy and damage with ranged weapons and melee attacks
   (+3).
   It lets you fly.
 t - a ring of ice (left hand)
 F - an uncursed ring of wizardry
 G - a +3 ring of protection
 M - the ring of the Everdark {rElec rPois Int+3}
   (You took it off a deep elf annihilator on level 3 of the Elven Halls)

   [ring of intelligence]

   It affects your intelligence (+3).
   It insulates you from electricity.
   It protects you from poison.
 N - the amulet "Tioxtuh" (around neck) {Harm *Drain rF+ rC- Dex+5 Stlth+}
   (You took it off a deep elf demonologist on level 3 of the Elven Halls)

   [amulet of harm]

   It increases damage dealt and taken.
   It affects your dexterity (+5).
   It protects you from fire.
   It makes you vulnerable to cold.
   It causes draining when unequipped.
   It makes you more stealthy.
 O - an uncursed ring of see invisible
Wands
 j - a wand of paralysis (13)
 m - a wand of flame (81)
 u - a wand of iceblast (8)
 A - a wand of digging (20)
 B - a wand of enslavement (16)
 I - a wand of random effects (33)
 R - a wand of disintegration (7)
 S - a wand of polymorph (10)
Scrolls
 c - a scroll of noise {!r}
 d - 13 scrolls of teleportation {!r}
 e - 9 scrolls of identify {!r}
 g - 4 scrolls of remove curse {!r}
 p - 4 scrolls of holy word {!r}
 q - 10 scrolls of fog {!r}
 v - 7 scrolls of fear {!r}
 y - 6 scrolls of magic mapping {!r}
 z - a scroll of vulnerability {!r}
 C - 4 scrolls of enchant weapon {!r}
 E - 3 scrolls of blinking {!r}
 K - a scroll of enchant armour {!r}
 L - 2 scrolls of brand weapon {!r}
Miscellaneous
 x - a phial of floods
 H - 3 sacks of spiders
 V - a lamp of fire
 W - 2 boxes of beasts
 X - a fan of gales
 Y - a lightning rod (4/4)


   Skills:
 - Level 4.0 Fighting
 - Level 4.1 Dodging
 - Level 4.0 Stealth
 - Level 4.0 Shields
 + Level 16.6 Spellcasting
 * Level 16.6 Conjurations
 * Level 16.5 Ice Magic
 - Level 4.0 Evocations


You couldn't memorise any spells.
You knew the following spells:

 Your Spells              Type           Power        Failure   Level  Hunger
a - Bolt of Cold          Conj/Ice       ########..   1%          6    N/A
b - Summon Ice Beast      Ice/Summ       #######.     1%          4    N/A
c - Throw Frost           Conj/Ice       ######       0%          2    N/A
d - Orb of Destruction    Conj           #######...   1%          7    N/A
e - Ozocubu's Refrigerat  Ice            ########..   1%          6    N/A
f - Freeze                Ice            ####         0%          1    N/A
g - Mephitic Cloud        Conj/Pois/Air  ######..     1%          3    N/A
h - Glaciate              Conj/Ice       ########..   58%         9    N/A
s - Conjure Flame         Conj/Fire      ######..     1%          3    N/A
v - Blink                 Tloc           N/A          4%          2    N/A
w - Throw Icicle          Conj/Ice       ########     1%          4    N/A
z - Ozocubu's Armour      Chrm/Ice       #######.     1%          3    N/A

Your spell library contained the following spells:

 Spells                   Type           Power        Failure   Level  Hunger
 Lehudib's Crystal Spear  Conj/Erth      ######....   78%         8    N/A
 Fire Storm               Conj/Fire      ######....   100%        9    N/A
 Magic Dart               Conj           ####         0%          1    N/A
 Sting                    Conj/Pois      ####         1%          1    N/A
 Static Discharge         Conj/Air       ######..     1%          3    N/A
 Stone Arrow              Conj/Erth      ######       1%          3    N/A
 Lightning Bolt           Conj/Air       ######....   1%          5    N/A
 Venom Bolt               Conj/Pois      ######....   1%          5    N/A
 Animate Skeleton         Necr           N/A          2%          1    N/A
 Confusing Touch          Hex            ####..       2%          1    N/A
 Infusion                 Chrm           ####         2%          1    N/A
 Pain                     Necr           ####         2%          1    N/A
 Bolt of Magma            Conj/Fire/Erth ######....   2%          5    N/A
 Metabolic Englaciation   Hex/Ice        #######...   2%          5    N/A
 Call Imp                 Summ           ####....     4%          2    N/A
 Poisonous Vapours        Pois/Air       ####..       4%          2    N/A
 Shroud of Golubria       Chrm/Tloc      ####......   4%          2    N/A
 Slow                     Hex            ####....     4%          2    N/A
 Song of Slaying          Chrm           ####....     4%          2    N/A
 Sticks to Snakes         Tmut           ####....     4%          2    N/A
 Iron Shot                Conj/Erth      ######....   4%          6    N/A
 Olgreb's Toxic Radiance  Pois           ####....     7%          4    N/A
 Confuse                  Hex            ####....     9%          3    N/A
 Gell's Gravitas          Tloc           ####......   9%          3    N/A
 Spectral Weapon          Hex/Chrm       ####....     9%          3    N/A
 Vampiric Draining        Necr           #####.....   9%          3    N/A
 Yara's Violent Unravell  Hex/Tmut       ####......   19%         5    N/A
 Spellforged Servitor     Conj/Summ      ######....   19%         7    N/A
 Animate Dead             Necr           N/A          26%         4    N/A
 Leda's Liquefaction      Hex/Erth       ####......   26%         4    N/A
 Petrify                  Tmut/Erth      ####....     26%         4    N/A
 Haunt                    Necr/Summ      #####.....   100%        7    N/A
 Ignition                 Fire           ####......   100%        8    N/A
 Infestation              Necr           #####.....   100%        8    N/A
 Shatter                  Erth           ####......   100%        9    N/A
 Tornado                  Air            ####......   100%        9    N/A
 Ice Form                 Ice/Tmut       Unusable     N/A         4    N/A
 Beastly Appendage        Tmut           Unusable     N/A         1    N/A
 Regeneration             Chrm/Necr      Unusable     N/A         3    N/A
 Spider Form              Tmut/Pois      Unusable     N/A         3    N/A
 Blade Hands              Tmut           Unusable     N/A         5    N/A
 Statue Form              Tmut/Erth      Unusable     N/A         6    N/A
 Borgnjor's Revivificati  Necr           Unusable     N/A         8    N/A
 Death's Door             Chrm/Necr      Unusable     N/A         8    N/A
 Necromutation            Tmut/Necr      Unusable     N/A         8    N/A

Dungeon Overview and Level Annotations

Branches:
Dungeon (11/15)            Temple (1/1) D:6            Lair (6/6) D:11
 Shoals (0/4) Lair:2        Snake (4/4) Lair:2        Slime (0/5) Lair:5
    Orc (2/2) D:9             Elf (3/3) Orc:2

Altars:
Ashenzari
Cheibriados
Dithmenos
Elyvilon
Fedhas
Gozag
Hepliaklqana
Kikubaaqudgha
Makhleb
Nemelex Xobeh
Okawaru
Qazlal
Ru
Sif Muna
Trog
Uskayaw
Vehumet
Wu Jian
Xom
Yredelemnul
Zin
The Shining One
Beogh
Jiyva

Shops:
Orc:2 ??%[   Elf:1 :}}   Elf:2 [   Snake:1 ?:   Snake:3 (

Portals:
Hell: Lair:6

Annotations:
Elf:1 Asterion


Innate Abilities, Weirdness & Mutations

You do not eat or drink.
Your flesh is vulnerable to fire.
You are immune to poison.
Your flesh is cold resistant. (rC+)
You are immune to negative energy. (rN+++)
You are immune to unholy pain and torment.
You can survive without breathing.
You are in touch with the powers of death.


Message History

You feel a strong surge of power!
The heat is drained from your surroundings.
You resist.
You feel very cold.
The naga mage, the naga ritualist and the anaconda are frozen.
The naga mage is almost dead.
The naga ritualist is heavily wounded.
The anaconda is severely wounded.
A naga comes into view. It is wielding a trident.
The naga mage spits poison at you. The splash of poison misses you.
A nagaraja and 2 naga sharpshooters come into view.
The nagaraja shouts!
The naga ritualist spits poison at you. The splash of poison misses you.
The naga sharpshooter unwields an uncursed flail.
The naga sharpshooter wields an uncursed glowing shortbow.
It is covered in frost.
The naga sharpshooter mumbles some strange words.
The naga sharpshooter magically shoots an arrow.
The arrow hits you!!
* * * LOW HITPOINT WARNING * * *
The arrow freezes you.
* * * LOW HITPOINT WARNING * * *
The naga spits poison at you. The splash of poison misses you.
The naga mage gestures at you while chanting.
The poison arrow hits you! You partially resist.
* * * LOW HITPOINT WARNING * * *
You hear a shout!
You see here 2 arrows.
Casting: Ozocubu's Refrigeration (safe; 1% risk of failure)
Confirm with . or Enter, or press ? or * to list all spells.
You feel a strong surge of power!
The heat is drained from your surroundings.
You resist.
You feel very cold.
* * * LOW HITPOINT WARNING * * *
The monsters around you are frozen!
The naga sharpshooter is moderately wounded.
You kill the naga mage!
Vehumet accepts your kill.
You feel your power returning.
The naga sharpshooter is heavily wounded.
You kill the naga!
Vehumet accepts your kill.
You feel your power returning.
You kill the naga ritualist!
Vehumet accepts your kill.
You feel your power returning.
You kill the anaconda!
Vehumet accepts your kill.
You feel your power returning.
The nagaraja is moderately wounded.
You kill the naga!
Vehumet accepts your kill.
You feel your power returning.
A guardian serpent comes into view.
The naga sharpshooter shoots an arrow.
The arrow completely misses you.
The nagaraja gestures wildly while chanting.
The nagaraja seems to speed up.
Unknown command.
The naga sharpshooter unwields an uncursed short sword.
The naga sharpshooter wields an uncursed arbalest.
The naga sharpshooter shoots a bolt.
The bolt hits you!!
You die...

..##........##........)..#.......
...#.......?#########)(..#.......
'###......###..N.....)).##....###
#........##..)).).....###.....#..
.........#...))########.......#..
.........#..))###.............#..
....###..##....)####..........#.#
...##.##..##..)....##.^.......#.#
...#...#...##.).@...#.........'.#
...##.##....####.(.##.........#..
....'.+.....# #.....###......##..
....###....##.).......##.....#...
...........#....)⌠.....#.....#...
..........##...........##....####
..........#....8..†8....#........
.........##.⌠S.))NN)..⌠.##.......
.#.......#...N.8...8.....#.......


You could see a nagaraja, a naga sharpshooter and a guardian serpent
(wandering).

Vanquished Creatures
  Vashnia (Snake:4)
  2 deep elf master archers (Elf:3)
  3 deep elf blademasters
  7 nagarajas
  An orc warlord (D:9)
  A deep elf sorcerer (Elf:3)
  2 entropy weavers (D:11)
  3 deep elf demonologists (Elf:3)
  4 deep elf annihilators (Elf:3)
  Snorg (Lair:6)
  4 deep elf death magi
  2 deep elf high priests (Elf:3)
  Harold (D:9)
  The ghost of Sipn the Grappler, a journeyman OgTm of Makhleb (Lair:1)
  15 naga warriors
  Fannar (Lair:3)
  A hell beast (Lair:6)
  2 hydras
  14 anacondas
  3 ghost crabs (D:11)
  29 dancing weapons
  A two-headed ogre (Orc:1)
  4 orc high priests
  7 naga sharpshooters
  11 deep elf knights
  A hell knight (Volcano)
  10 shock serpents
  5 salamander mystics
  5 fire crabs (D:11)
  3 unseen horrors (D:11)
  3 deep elf archers (Elf:1)
  6 naga ritualists (Snake:4)
  A wizard (Lair:6)
  A lindwurm (Lair:6)
  An ugly thing (D:11)
  4 orc knights (Orc:2)
  43 deep elf magi
  6 orc sorcerers
  2 cyclopes (Orc:2)
  2 mana vipers
  2 manticores (D:11)
  17 salamanders
  Maurice (D:10)
  6 elephants (Lair:3)
  12 guardian serpents
  15 naga magi
  30 black mambas
  An apocalypse crab (D:11)
  2 molten gargoyles (Volcano)
  9 spiny frogs
  3 rime drakes (Lair:6)
  A kobold demonologist (D:6)
  A hellwing (Lair:6)
  3 komodo dragons
  A yaktaur (shapeshifter) (Elf:3)
  A tengu conjurer (D:6)
  4 ice devils (Lair:6)
  A red devil (Lair:6)
  3 trolls
  5 tyrant leeches (Lair:2)
  2 hornets
  A queen bee (Lair:2)
  A polar bear (Lair:5)
  18 blink frogs
  8 hippogriffs
  A shadow (D:11)
  2 air elementals
  3 wyverns
  A water elemental (Elf:1)
  A human (D:9)
  A fire elemental (Elf:3)
  51 yaks
  A hungry ghost (D:11)
  7 fire bats (Volcano)
  A steam dragon (D:11)
  A wraith (D:10)
  48 nagas
  6 wargs
  A swamp worm (Lair:2)
  5 porcupines
  An acid dragon (D:11)
  15 water moccasins
  4 hell hounds (Lair:6)
  2 sky beasts
  9 ogres
  22 orc warriors
  4 ice beasts
  An eye of draining (D:11)
  A black bear (D:9)
  3 phantoms
  8 wolves
  7 centaurs
  19 crocodiles
  An elf zombie (Ossuary)
  2 big kobolds
  17 bullfrogs
  4 earth elementals
  A gnoll sergeant (D:11)
  4 scorpions
  A wyvern skeleton (D:8)
  25 killer bees
  6 howler monkeys
  An electric eel (Lair:1)
  10 crimson imps
  8 lava snakes
  3 centaur zombies
  A gnoll shaman (D:9)
  A centaur skeleton (D:4)
  A human zombie (Ossuary)
  17 orc priests
  A bullfrog skeleton (D:5)
  10 hounds
  A jelly (D:9)
  19 orc wizards
  4 iguanas
  9 worker ants
  Natasha (D:3)
  A big kobold zombie (Ossuary)
  A hound zombie (D:7)
  2 hound skeletons
  2 mummies (Ossuary)
  A howler monkey zombie (D:10)
  A worker ant zombie (D:11)
  Robin (D:3)
  10 gnolls
  12 adders
  2 river rats (D:6)
  7 shadow imps
  An adder skeleton (D:10)
  3 adder zombies
  A worm (D:6)
  4 dart slugs
  4 leopard geckos
  66 orcs
  7 bats
  10 giant cockroaches
  17 goblins
  9 hobgoblins
  6 jackals
  14 kobolds
  2 quokkas
  7 ball pythons
  9 frilled lizards
  A goblin zombie (Ossuary)
  8 hobgoblin zombies (Ossuary)
  3 jackal zombies (Ossuary)
  10 kobold zombies (Ossuary)
  8 orc zombies (Ossuary)
  2 quokka skeletons (D:6)
  A quokka zombie (D:4)
  6 rats
  A rat zombie (D:4)
  2 fungi
978 creatures vanquished.

Vanquished Creatures (collateral kills)
  An entropy weaver (D:11)
1 creature vanquished.

Vanquished Creatures (others)
  A naga sharpshooter (Snake:4)
  An orc wizard (Orc:2)
  An orc (Orc:2)
  5 fungi
  3 plants (Lair:2)
  2 withered plants (Lair:1)
13 creatures vanquished.

Grand Total: 992 creatures vanquished

Notes
Turn   | Place    | Note
-------+----------+-------------------------------------------
     0 | D:1      | Amnesiac the Mummy Ice Elementalist began the quest for the
                  | Orb.
     0 | D:1      | Reached XP level 1. HP: 13/13 MP: 4/4
   144 | D:2      | Found a bloodstained altar of Trog.
   146 | D:2      | Reached XP level 2. HP: 19/19 MP: 3/5
   151 | D:2      | Learned a level 2 spell: Throw Frost
   161 | D:3      | Noticed a phantom
   454 | D:2      | Found an ornate altar of the Wu Jian Council.
   747 | D:4      | Noticed an ogre
   752 | D:4      | Killed an ogre
   752 | D:4      | Reached XP level 3. HP: 24/24 MP: 5/7
   752 | D:4      | Reached XP level 4. HP: 30/30 MP: 5/8
   757 | D:4      | Learned a level 3 spell: Ozocubu's Armour
   820 | D:4      | Found a sand-covered staircase.
   886 | D:5      | Entered Level 5 of the Dungeon
   886 | D:5      | Noticed an ogre
   888 | D:5      | Killed an ogre
   888 | D:5      | Reached XP level 5. HP: 35/35 MP: 8/10
   918 | D:4      | Found a sacrificial altar of Ru.
  1149 | Ossuary  | Entered an ossuary
  1308 | Ossuary  | Reached XP level 6. HP: 37/41 MP: 11/11
  2434 | D:4      | Got a steaming hand axe
  2435 | D:4      | Identified the +9 hand axe of Resourcefulness {drain, rF++
                  | Dex+2} (You found it on level 4 of the Dungeon)
  2453 | D:4      | Reached XP level 7. HP: 39/46 MP: 12/14
  2648 | D:5      | Reached skill level 5 in Spellcasting
  2648 | D:5      | Reached skill level 5 in Ice Magic
  3307 | D:5      | Reached XP level 8. HP: 39/52 MP: 16/16
  3484 | D:5      | Learned a level 4 spell: Throw Icicle
  3489 | D:5      | Learned a level 4 spell: Summon Ice Beast
  3858 | D:6      | HP: 1/52 [hound (5)]
  4173 | D:6      | Found a snail-covered altar of Cheibriados.
  4288 | D:6      | Reached skill level 5 in Conjurations
  4537 | D:6      | Found a sacrificial altar of Ru.
  4598 | D:6      | Found a staircase to the Ecumenical Temple.
  4698 | Temple   | Entered the Ecumenical Temple
  4744 | Temple   | Became a worshipper of Vehumet
  4839 | D:3      | Found an iron altar of Okawaru.
  5540 | D:2      | Reached * piety under Vehumet
  5540 | D:2      | Offered knowledge of Magic Dart by Vehumet.
  5766 | D:2      | Reached XP level 9. HP: 43/57 MP: 14/18
  6017 | D:3      | Noticed Robin
  6029 | D:3      | Killed Robin
  6241 | D:3      | Noticed Natasha
  6248 | D:3      | Killed Natasha
  6842 | D:7      | Reached ** piety under Vehumet
  6842 | D:7      | Offered knowledge of Shock by Vehumet.
  6919 | D:7      | Found a basalt altar of Yredelemnul.
  7003 | D:7      | Reached skill level 1 in Shields
  7500 | D:7      | Offered knowledge of Mephitic Cloud by Vehumet.
  7514 | D:7      | Learned a level 3 spell: Mephitic Cloud
  7689 | D:7      | Found a blossoming altar of Fedhas.
  7803 | D:6      | Noticed a tengu conjurer
  7815 | D:6      | Killed a tengu conjurer
  8005 | D:6      | Noticed a kobold demonologist
  8017 | D:6      | Killed a kobold demonologist
  8017 | D:6      | Reached XP level 10. HP: 63/63 MP: 20/20
  8074 | D:6      | Reached *** piety under Vehumet
  8639 | D:8      | Offered knowledge of Stone Arrow by Vehumet.
  9421 | D:9      | Found a staircase to the Orcish Mines.
  9600 | D:9      | Found an opulent altar of Gozag.
  9603 | D:9      | Found a glowing silver altar of Zin.
  9606 | D:9      | Found a snail-covered altar of Cheibriados.
  9860 | D:9      | Reached **** piety under Vehumet
  9971 | D:9      | Noticed Harold
  9979 | D:9      | Killed Harold
 10336 | Orc:1    | Entered Level 1 of the Orcish Mines
 10336 | Orc:1    | Noticed an orc warlord
 10336 | Orc:1    | Noticed an orc sorcerer
 10339 | Orc:1    | Noticed a sixfirhy
 10340 | Orc:1    | Killed an orc sorcerer
 10340 | Orc:1    | Offered knowledge of Conjure Flame by Vehumet.
 10364 | D:9      | Learned a level 3 spell: Conjure Flame
 10565 | D:10     | Entered Level 10 of the Dungeon
 10618 | D:10     | Reached XP level 11. HP: 68/68 MP: 6/23
 11463 | D:10     | Noticed Maurice
 11466 | D:10     | Killed Maurice
 11660 | D:11     | Noticed a purple ugly thing
 12017 | D:11     | Found a staircase to the Lair.
 12036 | D:11     | Found a runed door.
 12243 | D:11     | Killed an unseen horror
 12351 | D:11     | Killed a purple ugly thing
 12518 | D:11     | Killed an unseen horror
 13498 | D:11     | Killed an unseen horror
 13810 | Lair:1   | Entered Level 1 of the Lair of Beasts
 13989 | D:11     | Noticed a fire crab
 13993 | D:11     | Killed a fire crab
 14077 | D:11     | Noticed a fire crab
 14077 | D:11     | Noticed an entropy weaver
 14081 | D:11     | Killed a fire crab
 14392 | D:11     | Noticed a fire crab
 14400 | D:11     | Killed an entropy weaver
 14400 | D:11     | Reached XP level 12. HP: 14/74 MP: 2/25
 14409 | D:11     | HP: 3/74 [something] (12)]
 14750 | D:11     | Reached skill level 10 in Conjurations
 14750 | D:11     | Reached skill level 10 in Ice Magic
 14979 | D:11     | Reached skill level 10 in Spellcasting
 15042 | D:11     | Noticed an entropy weaver
 15048 | D:11     | Killed an entropy weaver
 15143 | D:11     | Noticed a ghost crab
 15157 | D:11     | Killed a ghost crab
 15285 | D:11     | Noticed an entropy weaver
 15291 | D:11     | Killed an entropy weaver
 15291 | D:11     | Reached skill level 1 in Fighting
 15308 | D:11     | Noticed a ghost crab
 15396 | D:11     | Killed a ghost crab
 15672 | D:11     | Noticed a ghost crab
 15677 | D:11     | Killed a ghost crab
 16850 | Lair:1   | Found a runed door.
 16851 | Lair:1   | Noticed Sipn's ghost (journeyman OgTm)
 17230 | Lair:1   | Killed Sipn's ghost
 17237 | Lair:1   | Identified the Handbook of Confrontation
 17292 | Lair:2   | Gained mutation: You are in touch with the powers of death.
                  | [Mummy growth]
 17292 | Lair:2   | Reached XP level 13. HP: 86/86 MP: 19/27
 17470 | Lair:2   | Found a staircase to the Shoals.
 17548 | Lair:2   | Reached ***** piety under Vehumet
 17714 | Lair:2   | Offered knowledge of Lightning Bolt by Vehumet.
 17884 | Lair:2   | Found a staircase to the Snake Pit.
 19612 | Lair:3   | Noticed Fannar
 19756 | Lair:3   | Killed Fannar
 20502 | Lair:3   | Got a blackened whip
 20636 | Lair:4   | Identified the +5 whip "Buiheuze" {antimagic, Dex+3} (You
                  | found it on level 3 of the Lair of Beasts)
 21969 | Lair:5   | Offered knowledge of Poison Arrow by Vehumet.
 22379 | Lair:5   | Found a staircase to the Slime Pits.
 22379 | Lair:5   | Found a viscous altar of Jiyva.
 23147 | Lair:6   | Entered Level 6 of the Lair of Beasts
 23261 | Lair:6   | Noticed Snorg
 23267 | Lair:6   | Killed Snorg
 23363 | Lair:6   | Reached XP level 14. HP: 95/95 MP: 30/30
 23742 | Lair:6   | Got a translucent mace
 24107 | Lair:6   | Identified the +5 mace "Nysub" {speed, rElec Str+4 Int-4}
                  | (You found it on level 6 of the Lair of Beasts)
 24511 | Lair:6   | Found a burning altar of Makhleb.
 25097 | Lair:6   | Got a bound wooden ring
 25099 | Lair:6   | Identified the ring "Joggoaj" {+Blink rC++ MR+ Str+4} (You
                  | took it off a red devil on level 6 of the Lair of Beasts)
 25134 | Lair:6   | Offered knowledge of Bolt of Draining by Vehumet.
 25175 | Lair:6   | Found a gateway to Hell.
 25408 | D:9      | Killed an orc warlord
 25636 | Orc:1    | Learned a level 5 spell: Bolt of Draining
 26282 | Orc:1    | Found a roughly hewn altar of Beogh.
 26472 | Orc:2    | Entered Level 2 of the Orcish Mines
 26563 | Orc:2    | Found a dark tunnel.
 26570 | Volcano  | Entered a volcano
 26936 | Volcano  | Found a bloodstained altar of Trog.
 27060 | Volcano  | Got a steaming helmet
 27165 | Orc:2    | Identified the cursed -1 helmet of Wrong Decisions {+Blink
                  | Regen+ rCorr Slay-2} (You found it in a volcano)
 27575 | Orc:2    | Offered knowledge of Lee's Rapid Deconstruction by Vehumet.
 27990 | Orc:2    | Found a staircase to the Elven Halls.
 28667 | Orc:2    | Found Xoramiwk's Antique Armour Shoppe.
 28667 | Orc:2    | Found Byclo's Magic Scroll Shop.
 28669 | Orc:2    | Found Tetzen's Magic Scroll Shop.
 28669 | Orc:2    | Found Waegoss's Food Shoppe.
 28675 | Orc:2    | Bought a scroll of blinking for 105 gold pieces
 28675 | Orc:2    | Bought a scroll of blinking for 105 gold pieces
 28684 | Orc:2    | Bought the +3 warlock's mirror {reflect} for 1280 gold
                  | pieces
 28684 | Orc:2    | Found the +3 warlock's mirror {reflect}
 28695 | Orc:2    | Bought a pair of embroidered boots for 240 gold pieces
 28859 | Elf:1    | Entered Level 1 of the Elven Halls
 28890 | Elf:1    | Found Kuofys's Book Emporium.
 28916 | Elf:1    | Bought a book of Minor Magic for 240 gold pieces
 28919 | Elf:1    | Learned a level 2 spell: Blink
 28954 | Elf:1    | Found Ymiphi's Gadget Emporium.
 29052 | Elf:1    | Found Worrokux's Gadget Shoppe.
 29218 | Elf:1    | Noticed Asterion
 29359 | Elf:1    | Found an ancient bone altar of Kikubaaqudgha.
 29363 | Elf:1    | Reached XP level 15. HP: 100/100 MP: 32/32
 30337 | Elf:1    | Got a bone war axe
 30778 | Elf:2    | Identified the +3 war axe of Hoimnish {chop, rPois} (You
                  | found it on level 1 of the Elven Halls)
 31081 | Elf:2    | Got a crude quarterstaff
 31116 | Elf:2    | Found Meopuh's Armour Shop.
 31137 | Elf:2    | Identified the +7 quarterstaff of the Black Skies {flame,
                  | rF++ Int-4} (You found it on level 2 of the Elven Halls)
 31150 | Elf:2    | Bought a +1 helmet of intelligence for 231 gold pieces
 31390 | Elf:2    | Found a huge runed gate.
 31390 | Elf:2    | Found a huge runed gate.
 31390 | Elf:2    | Found a huge runed gate.
 31393 | Elf:2    | Found a huge runed gate.
 31400 | Elf:2    | Found a huge runed gate.
 31517 | Elf:2    | Offered knowledge of Ozocubu's Refrigeration by Vehumet.
 31525 | Elf:2    | Learned a level 6 spell: Ozocubu's Refrigeration
 32423 | Elf:2    | Noticed a deep elf blademaster
 32429 | Elf:2    | Killed a deep elf blademaster
 32636 | Elf:2    | Reached XP level 16. HP: 106/106 MP: 34/34
 32834 | Elf:3    | Entered Level 3 of the Elven Halls
 33375 | Elf:3    | Noticed a deep elf master archer
 33379 | Elf:3    | Killed a deep elf master archer
 33458 | Elf:3    | Noticed a deep elf blademaster
 33470 | Elf:3    | Killed a deep elf blademaster
 33649 | Elf:3    | Noticed a Brimstone Fiend
 33859 | Elf:3    | Got a heavily runed granite ring
 33911 | Elf:3    | Identified the ring of the Everdark {rElec rPois Int+3}
                  | (You took it off a deep elf annihilator on level 3 of the
                  | Elven Halls)
 34199 | Elf:3    | Got a translucent halberd {flame}
 34274 | Elf:3    | Got a distressingly furry plate armour
 34293 | Elf:3    | Identified the +6 plate armour "Mihoh" {rPois} (You took it
                  | off a deep elf high priest on level 3 of the Elven Halls)
 34345 | Elf:3    | Got a warped jade ring
 34372 | Elf:3    | Got a wavering crystal amulet
 34391 | Elf:3    | Identified the ring "Renam" {+Fly Slay+3} (You took it off
                  | a deep elf demonologist on level 3 of the Elven Halls)
 34560 | Elf:3    | Noticed a deep elf master archer
 34562 | Elf:3    | Killed a deep elf master archer
 34562 | Elf:3    | Reached skill level 15 in Conjurations
 34562 | Elf:3    | Reached skill level 15 in Ice Magic
 34650 | Elf:3    | Noticed a deep elf blademaster
 34656 | Elf:3    | Killed a deep elf blademaster
 34726 | Elf:3    | Offered knowledge of Bolt of Cold by Vehumet.
 34746 | Elf:3    | Reached skill level 15 in Spellcasting
 34844 | Elf:3    | Got distressingly furry swamp dragon scales
 34848 | Elf:3    | Got a slimy cloak
 34932 | Elf:3    | Identified the +1 swamp dragon scales "Beigrusm" {rPois
                  | Dex+4 Stlth+} (You found it on level 3 of the Elven Halls)
 34942 | Elf:3    | Identified the cursed -2 cloak of the King of the Hill
                  | {MP+9} (You found it on level 3 of the Elven Halls)
 34950 | Elf:3    | Identified the amulet "Tioxtuh" {Harm *Drain rF+ rC- Dex+5
                  | Stlth+} (You took it off a deep elf demonologist on level 3
                  | of the Elven Halls)
 34996 | Elf:3    | Learned a level 6 spell: Bolt of Cold
 35240 | Snake:1  | Entered Level 1 of the Snake Pit
 35266 | Snake:1  | Found Qiyretre's Magic Scroll Boutique.
 35299 | Snake:1  | Found Pest's Book Shop.
 37019 | Snake:3  | Reached XP level 17. HP: 62/111 MP: 29/36
 37419 | Snake:3  | Offered knowledge of Orb of Destruction by Vehumet.
 37511 | Snake:3  | Learned a level 7 spell: Orb of Destruction
 37846 | Snake:3  | Found Waongu's Antique Weapon Shop.
 38427 | Snake:4  | Entered Level 4 of the Snake Pit
 39201 | Snake:4  | Noticed Vashnia
 39208 | Snake:4  | Killed Vashnia
 40573 | Snake:4  | Reached ****** piety under Vehumet
 40610 | Snake:4  | Reached XP level 18. HP: 32/118 MP: 0/38
 40892 | Snake:4  | Offered knowledge of Lehudib's Crystal Spear by Vehumet.
 40892 | Snake:4  | Offered knowledge of Fire Storm by Vehumet.
 40892 | Snake:4  | Offered knowledge of Glaciate by Vehumet.
 41123 | Snake:4  | Learned a level 9 spell: Glaciate
 41291 | Snake:4  | Shot with a bolt by a naga sharpshooter

Vault maps used:
D:1:      minmay_arrival_glassed_features
D:2:      old_standard_altar, lemuel_crystal_altar
D:3:      okawaru_altar_gauntlet_db, minmay_gold_behind_fungi,
          minmay_misc_feat_four_crosses, uniq_natasha, uniq_robin
D:4:      lemuel_doored_altar, enter_ossuary_4, serial_bayou_lake_a
D:5:      first_ration
D:6:      minmay_klotski, minmay_temple_entry_enclosed_plants, basic_altar,
          gup_sewer_entry_bowl, grunt_ministairs_7, chei_slow_surprise
D:7:      marbit_many_paths, kennysheep_mini_moat
D:9:      grunt_temple_overflow_diamond, orc_0_dummy, grunt_pizzeria,
          uniq_harold
D:10:     kennysheep_generic_room_14, uniq_maurice
D:11:     gammafunk_mikee_crab_dinner, lair_entry_dummy
Temple:   nicolae_temple_god_jail
Lair:1:   gammafunk_ghost_grave, serial_bayou_shore_b, grunt_megastairs_3
Lair:2:   shoals_dummy_entry, dummy_snake_entry, special_room, worms_lemuel
Lair:3:   grunt_megastairs_5, uniq_fannar
Lair:5:   slime_altar_1, lemuel_old_faithful, grunt_megastairs_2
Lair:6:   evil_forest, minivault_26, uniq_snorg
Snake:1:  lemuel_fruit_tree, minmay_shoptagon
Snake:2:  nicolae_snake_lava_pool
Snake:3:  serial_shops, shop
Snake:4:  grunt_snake_rune_serpentine_throne, uniq_vashnia
Orc:1:    nicolae_orc_accident_2, nicolae_orc_damp_corner
Orc:2:    grunt_orc_tribal_feast, enter_volcano_1,
          portal_ice_cave_entry_pillars_1
Elf:1:    basic_altar, serial_shops, shop, nicolae_shop_statue_plus, shop,
          hangedman_elven_crosses_minicolossus, uniq_asterion
Elf:2:    serial_shops, shop
Elf:3:    grunt_elf_hall_asides
Ossuary:  ossuary_tomb_1
Volcano:  volcano_grotto

Skill      XL: |  1  2  3  4  5  6  7  8  9 10 11 12 13 14 15 16 17 |
---------------+----------------------------------------------------+-----
Ice Magic      | 3 4 5 6 7 8 9 11 12 13 14 15 16 | 16.5
Spellcasting   | 3 4 5 6 7 8 9 10 12 13 14 15 16 | 16.6
Evocations     | 2 3 4 |  4.0
Conjurations   | 5 7 8 9 11 12 13 14 15 16 | 16.6
Shields        | 2 3 4 |  4.0
Dodging        | 3 4 |  4.1
Fighting       | 3 4 |  4.0
Stealth        | 2 4 |  4.0

Action                   |  1- 3 |  4- 6 |  7- 9 | 10-12 | 13-15 | 16-18 || total
-------------------------+-------+-------+-------+-------+-------+-------++-------
Melee: Mace              |    13 |       |       |       |       |       ||    13
       Long sword        |       |   161 |       |       |       |       ||   161
       Hand axe          |       |     6 |   276 |   114 |       |       ||   396
       Scimitar          |       |       |       |     1 |       |       ||     1
       Staff             |       |       |       |       |     8 |       ||     8
 Cast: Freeze            |    15 |    17 |    85 |    10 |    48 |     1 ||   176
       Ozocubu's Armour  |       |     5 |     7 |     2 |       |       ||    14
       Throw Frost       |       |     5 |    16 |       |       |       ||    21
       Mephitic Cloud    |       |       |     5 |     3 |     2 |       ||    10
       Throw Icicle      |       |       |     2 |   345 |   592 |   180 ||  1119
       Conjure Flame     |       |       |       |     1 |       |     1 ||     2
       Bolt of Draining  |       |       |       |       |   167 |     3 ||   170
       Ozocubu's Refrige |       |       |       |       |       |   160 ||   160
       Bolt of Cold      |       |       |       |       |       |    25 ||    25
       Blink             |       |       |       |       |       |     1 ||     1
       Orb of Destructio |       |       |       |       |       |     3 ||     3
Evoke: Wand              |     2 |     4 |     6 |     7 |       |     7 ||    26
       Phial of floods   |       |       |       |       |     1 |       ||     1
  Use: Scroll            |       |       |     9 |     7 |    15 |     7 ||    38
 Stab: Sleeping          |     3 |     3 |     9 |       |       |       ||    15
       Distracted        |       |     1 |     1 |       |       |       ||     2
       Paralysed         |       |       |    10 |       |       |       ||    10
       Confused          |       |       |     2 |     1 |       |       ||     3
Armor: Robe              |     6 |    50 |   108 |    34 |    51 |    20 ||   269
       Steam dragon scal |       |       |       |    45 |    18 |       ||    63
Dodge: Dodged            |    24 |   125 |   201 |   171 |   172 |    59 ||   752
Block: Buckler           |       |       |       |    65 |    69 |    33 ||   167
       Reflection        |       |       |       |       |     9 |    12 ||    21
       Rpst.: Long sword |       |    35 |       |       |       |       ||    35

Table legend:
 A = Non-vault XP
 B = Vault XP
 C = Vault XP percentage of total XP
 D = Non-vault monster count
 E = Vault monster count
 F = Vault count percentage of total count
                 A         B        C        D         E       F
            +---------+---------+-------+---------+---------+-------
      Total |  153362 |  148109 |  49.1 |     641 |     337 |  34.5
            +---------+---------+-------+---------+---------+-------
        D:1 |      37 |       0 |   0.0 |      20 |       0 |   0.0
        D:2 |     140 |       0 |   0.0 |      23 |       0 |   0.0
        D:3 |     147 |      88 |  37.4 |      15 |      20 |  57.1
        D:4 |     340 |       2 |   0.6 |      14 |       2 |  12.5
        D:5 |     892 |       0 |   0.0 |      18 |       0 |   0.0
        D:6 |    1308 |    1470 |  52.9 |      29 |      19 |  39.6
        D:7 |    1341 |      35 |   2.5 |      40 |       1 |   2.4
        D:8 |     880 |       0 |   0.0 |      18 |       0 |   0.0
        D:9 |    3844 |    1246 |  24.5 |      37 |       2 |   5.1
       D:10 |    1662 |     581 |  25.9 |      30 |       2 |   6.2
       D:11 |    7278 |   11781 |  61.8 |      38 |      13 |  25.5
     Lair:1 |    4063 |    1180 |  22.5 |      22 |       3 |  12.0
     Lair:2 |    4966 |    3055 |  38.1 |      27 |      25 |  48.1
     Lair:3 |    7149 |    1236 |  14.7 |      25 |       2 |   7.4
     Lair:4 |    1338 |       0 |   0.0 |       6 |       0 |   0.0
     Lair:5 |    6820 |     504 |   6.9 |      30 |       2 |   6.2
     Lair:6 |    4814 |   10118 |  67.8 |      22 |      27 |  55.1
    Snake:1 |   13271 |       0 |   0.0 |      28 |       0 |   0.0
    Snake:2 |    4682 |    3169 |  40.4 |       7 |      13 |  65.0
    Snake:3 |   18419 |       0 |   0.0 |      37 |       0 |   0.0
    Snake:4 |   31745 |   36970 |  53.8 |      54 |      51 |  48.6
      Orc:1 |    3033 |    1203 |  28.4 |      24 |       5 |  17.2
      Orc:2 |    2792 |    7266 |  72.2 |      23 |      28 |  54.9
      Elf:1 |    9726 |   10919 |  52.9 |      19 |      16 |  45.7
      Elf:2 |   12958 |   24660 |  65.6 |      20 |      29 |  59.2
      Elf:3 |    9717 |   26206 |  73.0 |      15 |      17 |  53.1
    Ossuary |       0 |     332 | 100.0 |       0 |      39 | 100.0
    Volcano |       0 |    6088 | 100.0 |       0 |      21 | 100.0
            +---------+---------+-------+---------+---------+-------
